 Dungeon Crawl Stone Soup version 0.28.0-53-g5a82cb258f (webtiles) character file.

Game seed: 7452808717729061063

49 DildoBatman the Conjurer (level 4, -2/30 HPs)
             Began as a Formicid Conjurer on July 4, 2022.
             Splashed by a jelly's acid (8 damage)
             ... on level 4 of the Dungeon.
             The game lasted 00:02:29 (937 turns).

DildoBatman the Conjurer (Formicid Conjurer)         Turns: 937, Time: 00:02:30

Health: -2/30      AC:  3    Str: 12    XL:     4   Next: 1%
Magic:  4/7        EV:  9    Int: 17    God:
Gold:   20         SH:  0    Dex: 11    Spells: 4/7 levels left

rFire   . . .      SeeInvis +   a - +0 dagger (venom)
rCold   . . .      Faith    .   (no shield)
rNeg    . . .      Spirit   .   j - +0 robe
rPois   .          Reflect  .   (helmet unavailable)
rElec   .          Harm     .   (no cloak)
rCorr   .          Rampage  .   g - +0 pair of gloves
Will    .....                   (no boots)
Stlth   ++........              (no amulet)
HPRegen 0.10/turn               (no ring)
MPRegen 0.10/turn               (no ring)

@: constricted
A: permanent stasis, dig shafts and tunnels, antennae 3, four strong arms
a: Dig, Shaft Self


You were on level 4 of the Dungeon.
You visited 1 branch of the dungeon, and saw 3 of its levels.

You collected 20 gold pieces.

Inventory:

Hand Weapons
 a - a +0 dagger of venom (weapon)
 d - a +0 dagger
Missiles
 b - 27 sling bullets
 c - 41 arrows
 f - 6 stones
Armour
 g - a +0 pair of gloves (worn)
 j - a +0 robe (worn)
Scrolls
 e - a scroll of teleportation {unknown}
 h - a scroll of identify {unknown}
 i - a scroll of vulnerability {unknown}
 k - a scroll of fog {unknown}
 l - a scroll of enchant armour {unknown}


   Skills:
 - Level 1.7 Dodging
 - Level 2.4 Stealth
 - Level 2.1 Spellcasting
 * Level 4.8 Conjurations


You had 4 spell levels left.
You knew the following spells:

 Your Spells              Type           Power      Damage    Failure   Level
a - Searing Ray           Conj           36%        2d5       3%          2
c - Magic Dart            Conj           72%        1d6       2%          1

Your spell library contained the following spells:

 Spells                   Type           Power      Damage    Failure   Level
 Dazzling Flash           Conj/Hex       20%        N/A       22%         3
 Fulminant Prism          Conj/Hex       5%         3d7       56%         4
 Iskenderun's Mystic Bla  Conj/Tloc      10%        2d4       56%         4


Dungeon Overview and Level Annotations

Branches:
Dungeon (2/15)

Altars:


Innate Abilities, Weirdness & Mutations

You cannot be hasted, slowed, berserked, paralysed or teleported.
You can dig through walls and to a lower floor.
You have a pair of large antennae on your head. (SInv)
Your four strong arms can wield two-handed weapons with a shield.


Message History

The adder closely misses you. The giant cockroach barely misses you.
A phantom comes into view.
The adder bites you. The ball python misses you.
The ball python closely misses you. The jelly completely misses you.
What are your orders? t - Shout!
Orders for allies: a - Attack new target. r - Retreat! s - Stop attacking. g - Guard the area. f - Follow me.
Anything else - Cancel.
You shout for attention!
The giant cockroach bites you but does no damage.
The adder bites you.
The ball python bites you but does no damage.
The ball python closely misses you. The jelly hits you.
You are splashed with acid!
The ball python bites you but does no damage.
The ball python grabs you. The ball python constricts you.
The necrophage barely misses you.
A goblin comes into view. It is wielding a +0 club.
What are your orders? t - Shout!
Orders for allies: a - Attack new target. r - Retreat! s - Stop attacking. g - Guard the area. f - Follow me.
Anything else - Cancel.
You shout for attention!
The giant cockroach bites you but does no damage.
The adder closely misses you.
The ball python bites you but does no damage.
The ball python closely misses you. The ball python constricts you.
The jelly hits you.
You are splashed with acid!
You die...

####.## ......
#.#... ....#
...# ..# #..#
....g#Sn#
.....WJ@#
..#.##BSS.....#
...###.####
....# # #.....
#..... #....
#####


You could see a phantom, a necrophage, a jelly, an adder, a giant cockroach, a
goblin and 2 ball pythons.

Vanquished Creatures
  2 dart slugs (D:1)
  3 ball pythons (D:1)
  3 endoplasms (D:1)
  A giant cockroach (D:1)
  5 goblins (D:1)
  2 hobgoblins
  6 jackals (D:1)
  6 kobolds
  3 quokkas (D:1)
  3 bats (D:1)
  3 frilled lizards (D:1)
  A rat (D:1)
38 creatures vanquished.

Notes
Turn   | Place    | Note
-------+----------+-------------------------------------------
     0 | D:1      | DildoBatman the Formicid Conjurer began the quest for the
                  | Orb.
     0 | D:1      | Reached XP level 1. HP: 13/13 MP: 3/3
   118 | D:1      | Reached XP level 2. HP: 19/19 MP: 1/5
   121 | D:1      | Learned a level 2 spell: Searing Ray
   142 | D:1      | Reached skill level 4 in Conjurations
   333 | D:1      | Reached XP level 3. HP: 10/24 MP: 0/6
   924 | D:2      | Reached XP level 4. HP: 30/30 MP: 2/7
   926 | D:2      | You fall into a shaft and drop 2 floors!
   929 | D:4      | Noticed a necrophage
   935 | D:4      | Noticed a phantom
   937 | D:4      | Splashed by a jelly's acid

Illustrated notes

Levels and vault maps discovered:
D:1:      sevenhm_arrival_forest_fort_small_4, layout_basic,
          minmay_tree_intersection, minmay_close_crescents
D:2:      layout_loops_corners, uniq_crazy_yiuf_cottage, uniq_jessica,
          uniq_natasha
D:4:      layout_loops_cross

Skill      XL: |  1  2 |
---------------+-------+-----
Conjurations   | 4 |  4.8
Dodging        | |  1.7
Stealth        | |  2.4
Spellcasting   | |  2.1

Action                   |  1- 3 |  4- 6 || total
-------------------------+-------+-------++-------
Melee: Dagger            |    27 |       ||    27
 Cast: Magic Dart        |    27 |       ||    27
       Searing Ray       |     5 |       ||     5
 Abil: Shaft Self        |       |     1 ||     1
 Stab: Sleeping          |     2 |       ||     2
Armor: Robe              |     5 |    10 ||    15
Dodge: Dodged            |    32 |    15 ||    47
